 Dungeon Crawl Stone Soup version 0.32-a0-868-g153ae1a8d6 (webtiles) character file.

Game seed: 2658151596816195079

191 Biggs the Shooter (level 5, -6/38 HPs)
             Began as a Coglin Hunter on Mar 28, 2024.
             Was an Initiate of Dithmenos.
             Splashed by a jelly's acid (7 damage)
             ... on level 3 of the Dungeon.
             The game lasted 00:05:45 (2476 turns).

Biggs the Shooter (Coglin Hunter)                   Turns: 2476, Time: 00:05:45

Health: -6/38      AC:  3    Str:  9 (12) XL:     5   Next: 70%
Magic:  5/5        EV:  9    Int:  6 (8)  God:    Dithmenos [......]
Gold:   79         SH:  0    Dex: 16 (19) Spells: 4/4 levels left

rFire   . . .        a - +2 sling {Choonhe}
rCold   . . .        d - +0 sling {Leofsige}
rNeg    . . .        t - +0 ring mail
rPois   .            g - +0 helmet
rElec   .            (no cloak)
rCorr   .            (no gloves)
SInv    .            h - +0 pair of boots
Will    .....        (amulet unavailable)
Stlth   +            (ring unavailable)
HPRegen 0.26/turn    (ring unavailable)
MPRegen 0.09/turn    (no gizmo)

%: no passive effects
@: corroded, revving
A: off-hand wielding, slow wielding, warmup strikes, no jewellery
a: Invent Gizmo, Renounce Religion


You were on level 3 of the Dungeon.
You worshipped Dithmenos.
Dithmenos was noncommittal.
You visited 1 branch of the dungeon, and saw 4 of its levels.

You collected 79 gold pieces.

Inventory:

Hand Weapons
 a - a +2 sling (weapon) {Choonhe}
 d - a +0 sling (offhand) {Leofsige}
Armour
 c - a +0 leather armour
 g - a +0 helmet (worn)
 h - a +0 pair of boots (worn)
 t - a +0 ring mail (worn)
Wands
 p - a wand of warping (5)
 w - a wand of flame (25)
Scrolls
 b - a scroll of butterflies
 i - a scroll of poison {unknown}
 j - a scroll of noise {unknown}
 k - a scroll of fog {unknown}
 m - 2 scrolls of vulnerability {unknown}
 o - 2 scrolls of blinking {unknown}
 x - a scroll of immolation {unknown}
Potions
 l - a potion of curing {unknown}
 q - a potion of haste {unknown}
 r - a potion of lignification {unknown}
 s - a potion of enlightenment {unknown}
 u - 2 potions of might {unknown}
 v - a potion of heal wounds {unknown}


   Skills:
 - Level 2.0 Fighting
 + Level 6.2 Ranged Weapons
 - Level 1.7 Dodging
 - Level 0.7 Stealth


You had 4 spell levels left.
You didn't know any spells.
Your spell library contained the following spells:

 Spells                   Type           Power      Damage    Failure   Level
 Cigotuvi's Dreadful Rot  Necr/Alch/Air  0%         N/A       91%         2
 Teleport Other           Tloc           0%         N/A       99%         3
 Dispel Undead            Necr           0%         3d6       100%        4
 Martyr's Knell           Necr/Summ      0%         N/A       100%        4
 Dispersal                Tloc           0%         N/A       100%        6
 Gell's Gavotte           Tloc           0%         2d(11-16) 100%        6


Dungeon Overview and Level Annotations

Branches:
Dungeon (4/15)
 Temple: D:4-7

Altars:
Dithmenos

Annotations:
D:4 Dowan, Duvessa


Innate Abilities, Weirdness & Mutations

You can wield a second weapon in your off-hand.
It takes a long time for you to wield or remove held weapons.
Your first few attacks do less damage.
You cannot equip rings or amulets.


Message History

Unknown command.
You are too injured to fight recklessly!
Unknown command.
Unknown command.
As you read the scroll labelled PEUQENK YMPYLU, it crumbles to dust.
You feel strangely unstable.
It was a scroll of teleportation.
Duvessa hits you with a +0 short sword of speed.
Duvessa hits you but does no damage.
Unknown command.
Okay, then.
Duvessa attacks as she pursues you!
Duvessa hits you with a +0 short sword of speed!
* * * LOW HITPOINT WARNING * * *
Dowan casts a spell.
Dowan blinks!
Duvessa says, "Practise, practise, practise!
One day you'll be as good as me."
Duvessa hits you with a +0 short sword of speed.
* * * LOW HITPOINT WARNING * * *
Duvessa attacks as she pursues you!
Duvessa hits you with a +0 short sword of speed.
* * * LOW HITPOINT WARNING * * *
Duvessa hits you but does no damage.
Your surroundings suddenly seem different.
A jelly comes into view.
Found a scroll labelled TUNGYIMAYLA.
Found a stone staircase leading up.
Found a war axe.
The jelly quivers.
There is a stone staircase leading up here.
The jelly closely misses you.
You climb upwards.
There is a stone staircase leading down here.
It was a potion of degeneration.
There was something very wrong with that liquid.
You feel weakened.
You feel dopey.
You feel clumsy. The jelly hits you but does no damage.
Unknown command.
It was a potion of cancellation.
You feel magically purged. The jelly hits you.
* * * LOW HITPOINT WARNING * * *
The acid corrodes you!
You are splashed with acid!
You die...

##########.# #.# #........#.#
#.# #.######.#.# #.# #.#
#.#.# #.# #.# #.#.# #.# ####
#.# #.#.# #.# #... #.# #.#.#
#.# #.## #.######.#.### #.#
#.#
#......#.(..@#####.#######.##
###........#J)).)............
#[.......#)#####.#######.##
#........)..#....#...###.##
#.......##..#.####...##....
#.......'...#........''....
#.......#..........).##....
#.......#.รท#######...##....
#....)..#..# #...##....


You could see a jelly.

Vanquished Creatures
  Blork the orc (D:4)
  Robin (D:3)
  3 adders
  2 dart slugs
  5 orcs
  11 ball pythons
  5 endoplasms
  4 giant cockroaches
  6 hobgoblins
  7 kobolds
  3 quokkas
  3 bats
  3 frilled lizards
  11 goblins
  5 rats
70 creatures vanquished.

Notes
Turn   | Place    | Note
-------+----------+-------------------------------------------
     0 | D:1      | Biggs the Coglin Hunter began the quest for the Orb.
     0 | D:1      | Reached XP level 1. HP: 16/16 MP: 1/1
    35 | D:1      | Reached skill level 4 in Ranged Weapons
    35 | D:1      | Reached XP level 2. HP: 22/22 MP: 2/2
   307 | D:1      | Found a faded altar of an unknown god.
   562 | D:1      | Reached XP level 3. HP: 27/27 MP: 3/3
  1088 | D:2      | Reached skill level 5 in Ranged Weapons
  1135 | D:2      | Reached XP level 4. HP: 33/33 MP: 4/4
  1543 | D:3      | Noticed Robin
  1576 | D:3      | Killed Robin
  1694 | D:3      | Found a shadowy altar of Dithmenos.
  1834 | D:3      | Became a worshipper of Dithmenos the Shadowed
  1959 | D:3      | Reached XP level 5. HP: 38/38 MP: 5/5
  2319 | D:4      | Noticed Blork the orc
  2325 | D:4      | Killed Blork the orc
  2326 | D:4      | Reached skill level 6 in Ranged Weapons
  2445 | D:4      | Noticed Duvessa
  2445 | D:4      | Noticed Dowan
  2476 | D:3      | HP: 1/38 [jelly (3)]
  2476 | D:3      | Splashed by a jelly's acid

Illustrated notes

Levels and vault maps discovered:
D:1:      lemuel_arrival_funnel, layout_basic,
          shapermc_ecumenical_altar_totnotflames
D:2:      layout_loops_ring, minmay_misc_feat_alley, st_stairs_14
D:3:      layout_basic, nicolae_dithmenos_shadow_blocks, uniq_robin
D:4:      layout_loops_ring, nicolae_elyvilon_temple_path, uniq_natasha,
          uniq_duvessa, uniq_blork_the_orc

Skill      XL: |  1  2  3  4  5 |
---------------+----------------+-----
Ranged Weapons | 4 5 6 |  6.2
Fighting       | |  2.0
Dodging        | |  1.7
Stealth        | |  0.7

Action                     |  1- 3 |  4- 6 || total
---------------------------+-------+-------++-------
   Fire: Sling             |   156 |   132 ||   288
    Use: Potion            |       |     2 ||     2
         Scroll            |       |     1 ||     1
 Armour: Leather armour    |     8 |       ||     8
         Ring mail         |       |    25 ||    25
  Dodge: Dodged            |     8 |    10 ||    18

Table legend: (Time is in decaauts)
 A = Elapsed time spent in this place.
 B = Non-inter-level travel time spent in this place.
 C = Inter-level travel time spent in this place.
 D = Time resting spent in this place.
 E = Time spent auto-exploring this place.
 F = Levels seen in this place.
 G = Mean time per level.
                   A        B        C        D        E       F      G
               +--------+--------+--------+--------+--------+-----+--------+
         Total |   2511 |   2395 |    116 |      0 |   1943 |   4 |  627.8 |
       Dungeon |   2511 |   2395 |    116 |      0 |   1943 |   4 |  627.8 |
               +--------+--------+--------+--------+--------+-----+--------+

Top non-repeatable levels by time:
     D:3: 836 daAuts
     D:2: 725 daAuts
     D:1: 707 daAuts
     D:4: 242 daAuts
